 Dungeon Crawl Stone Soup version 0.32-a0-699-g1ee5eff69a (webtiles) character file.

Game seed: 15752945685483078543

42 Aldia the Changeling (level 3, -1/27 HPs)
             Began as a Merfolk Shapeshifter on Mar 13, 2024.
             Slain by a gnoll
             ... wielding a +0 halberd
              (2 damage)
             ... on level 2 of the Dungeon.
             The game lasted 00:01:14 (1320 turns).

Aldia the Changeling (Merfolk Shapeshifter)         Turns: 1320, Time: 00:01:15

Health: -1/27      AC:  2    Str: 16    XL:     3   Next: 54%
Magic:  3/3        EV: 11    Int:  9    God:
Gold:   116        SH:  0    Dex: 13    Spells: 2/2 levels left

rFire   . .          .
                       - Unarmed
rCold   . . .        (no shield)
rNeg    . . .        a - +0 animal skin
rPois   .            (helmet currently unavailable)
rElec   .            (cloak currently unavailable)
rCorr   .            (gloves currently unavailable)
SInv    .            (boots currently unavailable)
Will    .....        (no amulet)
Stlth   +            (no ring)
HPRegen 0.24/turn    (no ring)
MPRegen 0.08/turn

%: no passive effects
@: beast-form
A: beast (slay +2), (nimble swimmer 2), mertail
a: Begin Untransformation


You were on level 2 of the Dungeon.
You were a hulking beast.
You visited 1 branch of the dungeon, and saw 2 of its levels.

You collected 116 gold pieces.

Inventory:

Armour
 a - a +0 animal skin (worn)
 g - a +0 pair of boots
Talismans
 c - a beast talisman (active)
 d - a flux talisman
Scrolls
 e - a scroll of identify {unknown}
 f - a scroll of teleportation {unknown}
 h - a scroll of blinking {unknown}
Potions
 b - a potion of lignification
 i - a potion of curing {unknown}
 j - a potion of degeneration {unknown}


   Skills:
 + Level 1.9 Fighting
 - Level 3.0 Dodging
 * Level 4.0 Unarmed Combat
 * Level 4.6 Shapeshifting


You had 2 spell levels left.
You didn't know any spells.
Your spell library was empty.

Dungeon Overview and Level Annotations

Branches:
Dungeon (2/15)

Altars:


Innate Abilities, Weirdness & Mutations

You are a hulking beast.
Your limbs bulge with bestial killing power. (Slay +2)
((You are very nimble when in or above water. (Stealth+, EV+, Speed+++)))
Your lower body shifts to a powerful aquatic tail in water.


Message History

You hit the bat.
You kill the bat!
Your Unarmed Combat skill increases to level 4!
No target in view!
No target in view!
HP restored.
You see here a jackal corpse.
Found a stone staircase leading up.
You now have 113 gold pieces (gained 12).
You now have 116 gold pieces (gained 3).
There is a stone staircase leading up here.
Found 2 large rocks.
You see here 2 large rocks.
Found 2 javelins.
Found a stone staircase leading down and a stone staircase leading up.
There is a stone staircase leading down here.
You see here 2 javelins.
You open the door.
Found a robe.
A ball python and 4 gnolls come into view.
The gnoll shouts! x2
A giant cockroach comes into view.
There is an open door here.
There are monsters nearby!
There are monsters nearby!
The gnoll shouts!
You hear an angry hiss.
You see here 2 javelins.
Okay, then.
You see here 2 javelins.
You hit the gnoll.
The gnoll is lightly wounded.
The gnoll hits you with a +0 flail!
The gnoll hits you from afar with a +0 halberd!
* * * LOW HITPOINT WARNING * * *
You hit the gnoll.
The gnoll is heavily wounded.
The gnoll hits you with a +0 flail.
* * * LOW HITPOINT WARNING * * *
The gnoll hits you from afar with a +0 halberd.
You die...

###### ###
#.....###########<####
+.....'....gggh..>...#
#.....###########.##.#
#..[.. #.##.#####
#..g.. #.#......#
#.g... #.#.(###.#
#g.... #.#..###.#
#..g.B #.#......#
S..... #.###.#.######
#.....#.#


You could see 3 gnolls.

Vanquished Creatures
  A dart slug (D:1)
  4 endoplasms (D:1)
  A giant cockroach (D:1)
  3 goblins (D:1)
  A hobgoblin (D:2)
  7 jackals
  2 quokkas
  2 ball pythons (D:1)
  4 bats
  4 frilled lizards
  3 kobolds
  3 rats
35 creatures vanquished.

Notes
Turn   | Place    | Note
-------+----------+-------------------------------------------
     0 | D:1      | Aldia the Merfolk Shapeshifter began the quest for the Orb.
     0 | D:1      | Reached XP level 1. HP: 15/15 MP: 1/1
   136 | D:1      | Reached XP level 2. HP: 14/21 MP: 2/2
   417 | D:1      | Reached XP level 3. HP: 13/26 MP: 3/3
  1320 | D:2      | HP: 1/27 [gnoll/+0 flail (3)]
  1320 | D:2      | Slain by a gnoll

Illustrated notes

Levels and vault maps discovered:
D:1:      lightli_arrival_boilingwater, layout_basic
D:2:      layout_basic

Skill      XL: |  1  2  3 |
---------------+----------+-----
Dodging        | 3 |  3.0
Unarmed Combat | 4 |  4.0
Fighting       | |  1.9
Shapeshifting  | |  4.6

Action                     || total
---------------------------++-------
  Melee: Unarmed           ||    81
   Stab: Sleeping          ||     1
 Armour: Animal skin       ||    50
  Dodge: Dodged            ||    75

Table legend: (Time is in decaauts)
 A = Elapsed time spent in this place.
 B = Non-inter-level travel time spent in this place.
 C = Inter-level travel time spent in this place.
 D = Time resting spent in this place.
 E = Time spent auto-exploring this place.
 F = Levels seen in this place.
 G = Mean time per level.
                   A        B        C        D        E       F      G
               +--------+--------+--------+--------+--------+-----+--------+
         Total |   1313 |   1247 |     66 |      0 |   1050 |   2 |  656.5 |
       Dungeon |   1313 |   1247 |     66 |      0 |   1050 |   2 |  656.5 |
               +--------+--------+--------+--------+--------+-----+--------+

Top non-repeatable levels by time:
     D:1: 1030 daAuts
     D:2: 283 daAuts
